Map: Dusk Towers

Players

Miszu - Winner!

  • Race: Terran Terran
  • League: Master

iSy

  • Race: Protoss Protoss
  • League: Master

VOD

Have the link to the VOD?

Description

Time

  • Played on: April 17, 2016, 4:37 p.m.
  • Length: 6:09
Show
View Real Time Build Order
Export as new Build Order

Miszu Terran - Winner!

Build Orders: Command Center First (CC) 

Get SALT Encoding   

  12  0:01  SCV  
  13  0:13  SCV  
  14  0:17  Supply Depot  
  14  0:25  SCV  
  15  0:39  SCV  
  16  0:51  SCV  
  17  1:00  Command Center  
  17  1:04  SCV  
  18  1:16  SCV  
  18  1:18  Barracks  
  19  1:28  SCV  
  19  1:31  Barracks  
  20  1:40  SCV  
  20  1:46  Barracks  
  21  1:52  SCV  
  22  2:05  Marine  
  22  2:06  Orbital Command  
  23  2:13  Orbital Command  
  23  2:18  Marine  
  24  2:23  Marine  
  24  2:28  Refinery  
  25  2:30  Refinery  
  25  2:32  SCV  
  25  2:36  Marine  
  27  2:37  Marine  
  27  2:40  SCV  
  27  2:41  Marine  
  30  2:45  SCV  
  31  2:52  SCV  
  31  2:57  Supply Depot, SCV  
  31  2:58  Marine  
  33  3:00  Marine x2  
  33  3:04  SCV  
  37  3:09  SCV  
  38  3:17  Barracks Tech Lab  
  38  3:18  Marine x2, SCV  
  41  3:21  Supply Depot, SCV  
  42  3:30  SCV  
  43  3:36  Marine x2  
  43  3:37  Stimpack  
  45  3:41  Engineering Bay, SCV  
  45  3:42  Refinery  
  45  3:46  SCV  
  48  3:49  Factory  
  48  3:53  SCV  
  48  3:55  Barracks Reactor  
  49  3:56  Barracks Tech Lab  
  49  3:59  SCV  
  49  4:05  SCV  
  49  4:09  Barracks  
  50  4:11  Barracks, SCV  
  50  4:14  Terran Infantry Weapons Level 1  
  51  4:18  SCV  
  51  4:23  SCV  
  53  4:24  Missile Turret  
  53  4:30  SCV, Missile Turret  
  54  4:35  Factory Reactor  
  54  4:36  Starport  
  54  4:41  Supply Depot  
  54  4:46  SCV x2  
  54  4:47  Marauder  
  58  4:58  Refinery, Marauder, SCV  
  61  5:04  Supply Depot  
  61  5:05  Supply Depot, Barracks Reactor  
  61  5:06  Barracks Tech Lab  
  61  5:08  SCV  
  61  5:10  SCV  
  63  5:18  Marauder  
  63  5:19  Factory Reactor  
  63  5:20  SCV  
  52  5:36  SCV x2  
  52  5:37  Marauder  
  52  5:39  Marine x3, Marauder  
  60  5:48  Marine x2, SCV  
Show
View Real Time Build Order
Export as new Build Order

iSy Protoss 

Build Orders: 1 Gate Expand 

Get SALT Encoding   

  12  0:01  Probe (Chrono Boost)  
  13  0:12  Probe (Chrono Boost)  
  14  0:18  Pylon  
  14  0:22  Probe (Chrono Boost)  
  15  0:36  Probe (Chrono Boost)  
  15  0:38  Gateway  
  16  0:46  Probe (Chrono Boost)  
  16  0:48  Assimilator  
  17  0:57  Probe (Chrono Boost)  
  18  1:08  Probe (Chrono Boost)  
  19  1:21  Nexus  
  19  1:33  Cybernetics Core  
  19  1:35  Probe (Chrono Boost)  
  20  1:45  Probe (Chrono Boost)  
  21  1:54  Assimilator  
  21  1:56  Pylon, Probe (Chrono Boost)  
  22  2:06  Probe (Chrono Boost)  
  23  2:11  Warp Gate  
  23  2:15  Adept (Chrono Boost)  
  25  2:18  Probe  
  25  2:21  Pylon  
  26  2:30  Probe (Chrono Boost)  
  26  2:31  Twilight Council  
  26  2:34  Probe (Chrono Boost)  
  29  2:49  Robotics Facility  
  29  2:50  Probe (Chrono Boost)  
  29  2:52  Probe (Chrono Boost)  
  29  2:58  Adept  
  32  3:02  Probe x2 (Chrono Boost)  
  34  3:08  Resonating Glaives (Chrono Boost)  
  34  3:13  Pylon  
  34  3:16  Probe  
  34  3:17  Probe  
  36  3:31  Probe  
  37  3:35  Gateway  
  37  3:37  Gateway  
  37  3:41  Warp Prism (Chrono Boost)  
  37  3:48  Gateway  
  39  3:54  Gateway  
  39  4:01  Gateway  
  39  4:03  Probe  
  39  4:04  Probe  
  41  4:14  Probe  
  44  4:17  Mothership Core  
  44  4:24  Probe  
  44  4:29  Pylon  
  45  4:36  Probe  
  45  4:38  Observer (Chrono Boost), Probe  
  48  4:41  Assimilator  
  48  4:42  Pylon  
  48  4:47  Probe  
  48  4:50  Dark Shrine  
  49  4:54  Adept  
  49  4:55  Adept x2  
  55  5:02  Adept  
  55  5:04  Pylon  
  57  5:20  Adept  
  57  5:21  Adept x4  
  67  5:22  Adept  
  53  5:57  Adept x3  
  53  5:59  Adept  
Tags
 
Add a new tag
Caveats
  • Supply blocks, unpowered buildings, or Contaminate may cause inaccurate times.
  • Supply counts are checked every 10 seconds.